 Dungeon Crawl Stone Soup version 0.18-a0-1197-g8004e50 (webtiles) character file.

1813 Shaidar413 the Grappler (level 8, -26/84 HPs)
             Began as a Troll Berserker on Jan 31, 2016.
             Was a High Priest of Trog.
             Hit by a large rock thrown by a cyclops (32 damage)
             ... on level 6 of the Dungeon.
             The game lasted 00:16:46 (4464 turns).

Shaidar413 the Grappler (Troll Berserker)           Turns: 4464, Time: 00:16:46

Health: -26/84     AC:  6    Str: 28    XL:     8   Next: 84%
Magic:  7/7        EV: 12    Int:  1    God:    Trog [*****.]
Gold:   362        SH:  0    Dex:  9    Spells: 0 memorised, 7 levels left

rFire  . . .     SeeInvis .       - Unarmed
rCold  . . .     Gourm    +     a - +1 animal skin
rNeg   . . .     Faith    .     (no shield)
rPois  +         Spirit   .     (helmet restricted)
rElec  .         Dismiss  .     (no cloak)
rCorr  .         Reflect  .     (gloves unavailable)
SustAt .         Harm     .     (boots unavailable)
MR     .....                    (no amulet)
Stlth  +.........               (no ring)
                                (no ring)

@: not resistant to hostile enchantments, very unstealthy
A: unfitting armour, claws 3, dopey 1, fast metabolism 3, gourmand, sense
surroundings 1, poison resistance, regeneration 2, shaggy fur 1, tough skin 2
a: Berserk, Trog's Hand, Brothers in Arms, Burn Spellbooks, Renounce Religion


You were on level 6 of the Dungeon.
You worshipped Trog.
Trog was extremely pleased with you.
You were full.

You visited 1 branch of the dungeon, and saw 6 of its levels.
You also visited: Sewer.

You collected 362 gold pieces.

Inventory:

Armour
 a - a +1 animal skin (worn)
Jewellery
 j - an uncursed amulet of dismissal
 o - an uncursed amulet of faith
Wands
 m - a wand of digging (12/24)
 p - a wand of flame (9/48)
 r - a wand of teleportation (6/9)
 t - a wand of random effects (41/48)
Scrolls
 c - 4 scrolls of identify
 d - a scroll of noise
 g - a scroll of immolation
 k - 5 scrolls of teleportation
 w - a scroll of enchant weapon
 x - 2 scrolls of remove curse {unknown}
 y - a scroll of fear
Potions
 e - 3 potions of lignification
 h - 2 potions of might
 i - 3 potions of curing
 l - 2 potions of agility
 n - 2 potions of haste
 q - 3 potions of poison
 u - a potion of heal wounds
 v - 2 potions of flight
 z - a potion of resistance {unknown}
 A - a potion of ambrosia {unknown}
Comestibles
 b - 6 bread rations
 f - 2 royal jellies
 s - a meat ration


   Skills:
 + Level 6.5 Fighting
 + Level 5.0 Armour
 + Level 7.4 Dodging
 + Level 1.3 Stealth
 + Level 8.2 Unarmed Combat


You had 7 spell levels left.
You didn't know any spells.

Dungeon Overview and Level Annotations

Branches:
Dungeon (6/15)             Temple (0/1) D:5

Altars:
Cheibriados
Elyvilon
Gozag


Innate Abilities, Weirdness & Mutations

You are too large for most types of armour.
You have claws for hands.
Your metabolism is lightning-fast.
You like to eat raw meat.
You heal very quickly.
You are covered in fur (AC +1).
You have very tough skin (AC +2).
You are dopey. (Int -2)
You passively map a small area around you.
Your system is resistant to poisons.


Message History

The orc shouts!
You claw the orc wizard!
The orc wizard is severely wounded.
The orc wizard casts a spell.
The orc wizard flickers and vanishes!
Deactivating autopickup; reactivate with Ctrl-A.
You claw the cyclops!
The cyclops is moderately wounded.
The electric eel shoots out a bolt of lightning at you!
The bolt of electricity hits you! The cyclops hits you!!
A magic dart appears from out of thin air!
The magic dart hits you!
The electric eel shoots out a bolt of lightning at you!
The bolt of electricity hits you!
* * * LOW HITPOINT WARNING * * *
The electric eel shoots out a bolt of lightning at you!
The bolt of electricity hits you!
* * * LOW HITPOINT WARNING * * *
The cyclops throws a large rock.
The large rock hits you!!
You die...

######.# ≈≈≈≈ ≈≈≈≈≈≈≈≈ # #.#
≈≈≈≈≈≈ ≈ ≈≈≈≈≈≈ # #.# ≈≈≈≈≈≈♣,
♣≈≈≈≈≈≈≈* # ######.# ≈≈≈≈≈≈.
*.≈≈≈≈≈≈ #
.......#≈≈≈≈≈≈≈o♣♣.≈≈≈≈≈≈≈ #
######## ≈≈≈≈≈≈♣..♣≈≈≈≈≈≈ * #
* ≈≈≈≈≈≈;C{≈≈≈≈≈≈≈ ######
≈≈≈≈≈≈;..≈≈≈≈≈≈≈ #..... *
≈≈≈≈≈≈≈@.≈≈≈≈≈≈≈###.####
###≈≈≈≈≈≈..≈≈≈≈≈≈##...#
###.##≈≈≈≈≈.(≈≈≈≈≈####..#
##.#.###≈≈≈≈..≈≈≈≈## #..#
#####.#..#.##≈≈≈..≈≈≈## #..#
............####''#### #..#
###.##.......†....#. #.# #..#
##.#...#......###.##.#* #..#
##....#..........#...###..####


You could see a cyclops, 2 electric eels and an orc.

Vanquished Creatures
  Sigmund (D:4)
  The ghost of Shaidar413 the Ruffian, an amateur TrBe of Trog (D:4)
  The ghost of Shaidar413 the Ruffian, an amateur TrBe of Trog (D:3)
  Purgy (Sewer)
  An ogre (D:6)
  A centaur (D:5)
  A giant frog (D:6)
  A scorpion (D:5)
  A centaur zombie (D:6)
  2 hounds (D:4)
  2 jellies (D:5)
  2 orc priests (D:4)
  An iguana (D:5)
  5 orc wizards
  6 worker ants
  A mummy (D:5)
  4 adders
  A shadow imp (D:6)
  An adder zombie (D:5)
  6 worms
  5 giant geckos
  15 orcs
  2 ball pythons (D:5)
  11 giant cockroaches
  10 goblins
  12 hobgoblins
  6 jackals
  4 quokkas
  9 bats
  4 giant newts
  2 hobgoblin zombies (D:5)
  12 kobolds
  2 kobold zombies (D:5)
  13 rats
147 creatures vanquished.

Notes
Turn   | Place    | Note
--------------------------------------------------------------
     0 | D:1      | Shaidar413 the Troll Berserker began the quest for the Orb.
     0 | D:1      | Reached XP level 1. HP: 22/22 MP: 0/0
    81 | D:1      | Found a snail-covered altar of Cheibriados.
   203 | D:1      | Reached XP level 2. HP: 29/29 MP: 1/1
   469 | D:1      | Reached ** piety under Trog
   824 | D:2      | Found a snail-covered altar of Cheibriados.
   935 | D:2      | Reached XP level 3. HP: 26/36 MP: 2/2
  1527 | D:2      | Reached XP level 4. HP: 45/45 MP: 3/3
  1802 | D:3      | Reached XP level 5. HP: 50/53 MP: 4/4
  1815 | D:3      | Reached skill level 4 in Unarmed Combat
  1918 | D:3      | Reached *** piety under Trog
  2128 | D:3      | Noticed Shaidar413's ghost (amateur TrBe)
  2140 | D:3      | Killed Shaidar413's ghost
  2140 | D:3      | Reached skill level 1 in Stealth
  2140 | D:3      | Reached XP level 6. HP: 33/61 MP: 5/5
  2235 | D:3      | Found a glowing drain.
  2256 | Sewer    | Entered a sewer
  2328 | Sewer    | Noticed Purgy
  2340 | Sewer    | Killed Purgy
  2444 | Sewer    | Reached **** piety under Trog
  2541 | D:3      | Found a white marble altar of Elyvilon.
  2632 | D:4      | Reached skill level 6 in Fighting
  2632 | D:4      | Reached skill level 5 in Armour
  2632 | D:4      | Reached skill level 7 in Unarmed Combat
  2632 | D:4      | Reached XP level 7. HP: 68/76 MP: 6/6
  2714 | D:4      | Noticed Shaidar413's ghost (amateur TrBe)
  2732 | D:4      | Killed Shaidar413's ghost
  2812 | D:4      | Reached XP level 8. HP: 84/84 MP: 7/7
  2996 | D:4      | Noticed Sigmund
  3004 | D:4      | Killed Sigmund
  3364 | D:5      | Entered Level 5 of the Dungeon
  3365 | D:5      | Gained mutation: You passively map a small area around you. [potion of mutation]
  3365 | D:5      | Gained mutation: Your system is resistant to poisons. [potion of mutation]
  3365 | D:5      | Gained mutation: You are dopey. (Int -2) [potion of mutation]
  3414 | D:5      | Found a staircase to the Ecumenical Temple.
  3452 | D:5      | Reached skill level 8 in Unarmed Combat
  3829 | D:5      | Reached ***** piety under Trog
  4041 | D:6      | Found an opulent altar of Gozag.
  4457 | D:6      | Noticed a cyclops
  4464 | D:6      | Hit by a large rock thrown by a cyclops

Vault maps used:
D:1:      sevenhm_arrival_forest_fort_small_6, cheibriados_altar_1
D:2:      nicolae_overflow_hidden_temple, first_bread
D:3:      marbit_many_paths, gup_sewer_entry_pipe
D:4:      uniq_sigmund
D:5:      minmay_temple_entry_glassed_door, minmay_mini_ossuary
D:6:      kennysheep_big_flooded_room,
          nicolae_gozag_cash_rules_everything_around_me,
          lemuel_zombie_altar_yredelemnul
Sewer:    kennysheep_door_sewer

Action                   |  1- 3 |  4- 6 |  7- 9 || total
-------------------------+-------+-------+-------++-------
Melee: Unarmed           |   122 |   145 |   133 ||   400
Invok: Berserk           |       |       |     1 ||     1
  Use: Scroll            |       |     4 |    11 ||    15
       Potion            |       |     2 |     4 ||     6
 Stab: Sleeping          |     2 |     2 |     1 ||     5
  Eat: Chunk             |    15 |    10 |    20 ||    45
